 Dungeon Crawl Stone Soup version 0.32-a0-42-ga30500b4d3 (webtiles) character file.

Game seed: 12233998003505020184

100 Atlas the Digger (level 4, -3/30 HPs)
             Began as a Demonspawn Earth Elementalist on Jan 31, 2024.
             Slain by an ogre
             ... wielding a +0 giant spiked club
              (15 damage)
             ... on level 3 of the Dungeon.
             The game lasted 00:03:31 (2693 turns).

Atlas the Digger (Demonspawn Earth Elementalist)    Turns: 2693, Time: 00:03:32

Health: -3/30      AC:  2    Str:  9    XL:     4   Next: 46%
Magic:  8/17       EV: 12    Int: 17    God:
Gold:   213        SH:  0    Dex: 13    Spells: 2/9 levels left

rFire   . . .        r - +1 whip (venom)
rCold   + . .        (no shield)
rNeg    . . .        a - +0 robe
rPois   .            (no helmet)
rElec   .            (no cloak)
rCorr   .            (no gloves)
SInv    .            (no boots)
Will    .....        (no amulet)
Stlth   ++           l - ring of magical power
HPRegen 0.25/turn    p - ring of protection from cold
MPRegen 0.15/turn

%: no passive effects
@: very slightly contaminated
A: claws 2
a: no special abilities


You were on level 3 of the Dungeon.
You visited 1 branch of the dungeon, and saw 3 of its levels.

You collected 213 gold pieces.

Inventory:

Hand Weapons
 r - a +1 whip of venom (weapon)
Armour
 a - a +0 robe (worn)
Jewellery
 l - a ring of magical power (left claw)
 p - a ring of protection from cold (right claw)
Scrolls
 c - 2 scrolls of revelation {unknown}
 d - 2 scrolls of enchant armour {unknown}
 e - a scroll of amnesia {unknown}
 f - 4 scrolls of identify {unknown}
 g - 2 scrolls of immolation {unknown}
 h - 2 scrolls of poison {unknown}
 i - a scroll of enchant weapon {unknown}
 j - a scroll of blinking {unknown}
 m - a scroll of noise {unknown}
 q - a scroll of teleportation {unknown}
Potions
 b - a potion of magic
 k - a potion of degeneration {unknown}
 n - a potion of enlightenment {unknown}
 o - 2 potions of invisibility {unknown}
 s - a potion of mutation {unknown}


   Skills:
 + Level 0.1 Fighting
 + Level 2.0 Dodging
 + Level 1.8 Stealth
 + Level 0.1 Unarmed Combat
 + Level 3.1 Spellcasting
 + Level 1.0 Conjurations
 + Level 3.9 Earth Magic


You had 2 spell levels left.
You knew the following spells:

 Your Spells              Type           Power      Damage    Failure   Level
a - Sandblast             Erth           32%        2d9       3%          1
b - Passwall              Erth           16%        N/A       10%         3
c - Stone Arrow           Conj/Erth      22%        3d8       19%         3

Your spell library contained the following spells:

 Spells                   Type           Power      Damage    Failure   Level
 Mercury Vapours          Alch/Air       4%         N/A       26%         2
 Mephitic Cloud           Conj/Alch/Air  3%         N/A       41%         3
 Brom's Barrelling Bould  Conj/Erth      11%        2d3       52%         4
 Petrify                  Alch/Erth      9%         N/A       58%         4
 Freezing Cloud           Conj/Ice/Air   1%         6-21      99%         5


Dungeon Overview and Level Annotations

Branches:
Dungeon (3/15)

Altars:
Trog


Innate Abilities, Weirdness & Mutations

You have very sharp fingernails.


Message History

You kill the goblin!
A goblin comes into view. It is wielding a +0 dagger.
The goblin closely misses you.
The blast of sand hits the goblin!
You kill the goblin!
The goblin shouts!
The goblin closely misses you.
Your Dodging skill increases to level 2!
The blast of sand hits the goblin!
You kill the goblin!
The ogre closely misses you.
Unknown command.
Casting: Sandblast (safe; 3% risk of failure)
Confirm with . or Enter, or press ? or * to list all spells.
Aiming: Stone Arrow (quite dangerous; 19% risk of failure)
Press: ? - help, Shift-Dir - straight line, f - ogre
Aim: an ogre, wielding a +0 giant spiked club (85% to hit)
You miscast Stone Arrow.
You are very lightly contaminated with residual magic.
A wave of violent energy washes through your body.
Unknown command.
Casting: Stone Arrow (quite dangerous; 19% risk of failure)
Confirm with . or Enter, or press ? or * to list all spells.
Aiming: Stone Arrow (quite dangerous; 19% risk of failure)
Press: ? - help, Shift-Dir - straight line, f/p - ogre
Aim: an ogre, wielding a +0 giant spiked club (85% to hit)
The stone arrow hits the ogre!!
The ogre is severely wounded.
The ogre hits you with a +0 giant spiked club!
Ouch! That really hurt!
Casting: Stone Arrow (quite dangerous; 19% risk of failure)
Confirm with . or Enter, or press ? or * to list all spells.
Aiming: Sandblast (safe; 3% risk of failure)
Press: ? - help, Shift-Dir - straight line, f/p - ogre
Aim: an ogre, wielding a +0 giant spiked club (severely wounded, 91% to hit)
The blast of sand hits the ogre.
The ogre is severely wounded.
The ogre hits you with a +0 giant spiked club!
Ouch! That really hurt!
You die...

### #....'..........##.#.#
..######.####..........##.#.#
..'......# #..........##.#.#
..######.# #####......##.#.#
..# ### #(. #########.#.# ..#
#.. ####### #.#.# ..# #).
#.....###.#.##### ###
#g##.....'..........
#gO@.....###.#.#####
###......# #.#.# #......#
#.#.# #......# #.#.# #......#
#.#.# #......# #.#.# #......#
#.#.# #......# #......#


You could see an ogre and 2 goblins.

Vanquished Creatures
  2 adders (D:3)
  A dart slug (D:3)
  3 orcs (D:3)
  5 bats
  7 endoplasms
  2 giant cockroaches
  9 goblins
  7 hobgoblins
  4 jackals (D:3)
  8 quokkas
  4 ball pythons
  6 frilled lizards
  6 kobolds
64 creatures vanquished.

Notes
Turn   | Place    | Note
-------+----------+-------------------------------------------
     0 | D:1      | Atlas the Demonspawn Earth Elementalist began the quest for
                  | the Orb.
     0 | D:1      | Reached XP level 1. HP: 13/13 MP: 3/3
    71 | D:1      | Found a faded altar of an unknown god.
   264 | D:1      | Gained mutation: You have sharp fingernails. [demonic
                  | ancestry]
   264 | D:1      | Reached XP level 2. HP: 19/19 MP: 3/5
   649 | D:1      | Gained mutation: You have very sharp fingernails. [demonic
                  | ancestry]
   649 | D:1      | Reached XP level 3. HP: 24/24 MP: 2/6
   658 | D:1      | Learned a level 3 spell: Passwall
   662 | D:1      | Learned a level 3 spell: Stone Arrow
  1252 | D:2      | Found a bloodstained altar of Trog.
  2037 | D:3      | Reached XP level 4. HP: 30/30 MP: 8/8
  2686 | D:3      | Noticed an ogre
  2693 | D:3      | Slain by an ogre

Illustrated notes

Levels and vault maps discovered:
D:1:      grunt_arrival_crossed_arrows, layout_rooms, basic_ecumenical_altar,
          due_unseen_surprise
D:2:      layout_basic, basic_altar
D:3:      layout_basic, minmay_ogre_servants

Skill      XL: |  1  2  3  4 |
---------------+-------------+-----
Earth Magic    | 3 |  3.9
Spellcasting   | 3 |  3.1
Dodging        | 2 |  2.0
Fighting       | |  0.1
Stealth        | |  1.8
Unarmed Combat | |  0.1
Conjurations   | |  1.0

Action                     |  1- 3 |  4- 6 || total
---------------------------+-------+-------++-------
  Melee: Unarmed           |    28 |       ||    28
   Cast: Sandblast         |    75 |    15 ||    90
         Passwall          |     2 |       ||     2
         Stone Arrow       |       |     1 ||     1
 Armour: Robe              |    27 |     2 ||    29
  Dodge: Dodged            |    34 |     4 ||    38

Table legend: (Time is in decaauts)
 A = Elapsed time spent in this place.
 B = Non-inter-level travel time spent in this place.
 C = Inter-level travel time spent in this place.
 D = Time resting spent in this place.
 E = Time spent auto-exploring this place.
 F = Levels seen in this place.
 G = Mean time per level.
                   A        B        C        D        E       F      G
               +--------+--------+--------+--------+--------+-----+--------+
         Total |   2734 |   2699 |     35 |     25 |   2263 |   3 |  911.3 |
       Dungeon |   2734 |   2699 |     35 |     25 |   2263 |   3 |  911.3 |
               +--------+--------+--------+--------+--------+-----+--------+

Top non-repeatable levels by time:
     D:1: 1085 daAuts
     D:2: 874 daAuts
     D:3: 774 daAuts
